 Dungeon Crawl Stone Soup version 0.19.5 (webtiles) character file.

115 equalderp2856 the Skirmisher (level 4, -1/35 HPs)
             Began as a Mummy Fighter on Mar 30, 2017.
             Slain by a river rat (6 damage)
             ... in a sewer.
             The game lasted 00:03:36 (1876 turns).

equalderp2856 the Skirmisher (Mummy Fighter)        Turns: 1876, Time: 00:03:37

Health: -1/35      AC:  6    Str: 20    XL:     4   Next: 68%
Magic:  4/4        EV:  7    Int:  7    God:
Gold:   101        SH:  9    Dex: 11    Spells: 0 memorised, 3 levels left

rFire  x . .     SeeInvis .     a - +1 long sword
rCold  + . .     Gourm    .     b - +0 scale mail
rNeg   + + +     Faith    .     c - +0 shield
rPois  ∞         Spirit   .     (no helmet)
rElec  .         Reflect  .     (no cloak)
rCorr  .         Harm     .     (no gloves)
MR     .....                    (no boots)
Stlth  ..........               (no amulet)
                                (no ring)
                                (no ring)

@: about to teleport
A: no food or potions, fire vulnerability, cold resistance 1, negative energy
resistance 3, torment resistance, unbreathing
a: no special abilities


You were in a sewer.
You were not hungry.

You visited 1 branch of the dungeon, and saw 3 of its levels.
You also visited: Sewer.

You collected 101 gold pieces.

Inventory:

Hand Weapons
 a - a +1 long sword (weapon)
 l - a +0 dagger
 m - a cursed -1 short sword
Missiles
 i - 85 arrows
 j - 18 bolts
 k - 82 stones (quivered)
 o - 25 poisoned needles
Armour
 b - a +0 scale mail (worn)
 c - a +0 shield (worn)
 n - a +0 leather armour
Jewellery
 p - a cursed ring of loudness {unknown}
Scrolls
 f - a scroll of magic mapping
 h - 3 scrolls of identify {unknown}


   Skills:
 + Level 3.3 Fighting
 + Level 2.4 Long Blades
 + Level 3.0 Armour
 + Level 0.5 Dodging
 + Level 3.2 Shields


You had 3 spell levels left.
You didn't know any spells.

Dungeon Overview and Level Annotations

Branches:
Dungeon (3/15)

Altars:


Innate Abilities, Weirdness & Mutations

You do not eat or drink.
Your flesh is vulnerable to fire.
You are immune to poison.
Your flesh is cold resistant. (rC+)
You are immune to negative energy. (rN+++)
You are immune to unholy pain and torment.
You can survive without breathing.


Message History

* * * LOW HITPOINT WARNING * * *
You block the river rat's attack. The river rat barely misses you. x2
You can't drink.
Unknown command.
As you read the scroll labeled NAEMPI AXEOLL, it crumbles to dust.
You experience a momentary feeling of inescapable doom!
It was a scroll of random uselessness.
You block the river rat's attack. The river rat barely misses you.
As you read the scroll labeled EDOEFU CIMUQ, it crumbles to dust.
It is a scroll of enchant weapon.
Your +0 long sword glows red for a moment.
The river rat closely misses you. The river rat bites you.
* * * LOW HITPOINT WARNING * * *
As you read the scroll labeled FABOOM DOZXEL, it crumbles to dust.
You feel aware of your surroundings.
You sensed 1 altar, and 1 shop/portal.
It was a scroll of magic mapping.
You block the river rat's attack. x2
As you read the scroll labeled BUOLOD QAES, it crumbles to dust.
You feel strangely unstable.
It was a scroll of teleportation.
The river rat bites you.
You die...

#.#
#.#
#.#
#.#
#.#
#r#
#r#
#r#
#@#
#r#
#.#
#.#
###


You could see 2 river rats and 2 rats.

Vanquished Creatures
  6 adders
  A river rat (Sewer)
  A dart slug (D:1)
  2 leopard geckos (D:1)
  4 giant cockroaches
  3 goblins
  7 hobgoblins
  5 jackals
  7 kobolds
  A quokka (D:2)
  2 bats
  2 frilled lizards
  8 rats
49 creatures vanquished.

Vanquished Creatures (others)
  4 toadstools (D:1)
4 creatures vanquished.

Grand Total: 53 creatures vanquished

Notes
Turn   | Place    | Note
-------+----------+-------------------------------------------
     0 | D:1      | equalderp2856 the Mummy Fighter began the quest for the Orb.
     0 | D:1      | Reached XP level 1. HP: 18/18 MP: 1/1
   224 | D:1      | Reached XP level 2. HP: 24/24 MP: 2/2
  1002 | D:2      | Reached XP level 3. HP: 27/29 MP: 3/3
  1645 | D:3      | Found a glowing drain.
  1681 | D:3      | Reached XP level 4. HP: 28/35 MP: 4/4
  1860 | Sewer    | Entered a sewer
  1876 | Sewer    | Slain by a river rat

Skill      XL: |  1  2  3  4 |
---------------+-------------+-----
Shields        | 3 |  3.2
Long Blades    | 2 |  2.4
Armour         | 3 |  3.0
Fighting       | |  3.3
Dodging        | |  0.5

Action                   |  1- 3 |  4- 6 || total
-------------------------+-------+-------++-------
Melee: Long sword        |   160 |    43 ||   203
  Use: Scroll            |       |     4 ||     4
Armor: Scale mail        |    90 |    24 ||   114
Dodge: Dodged            |    66 |    25 ||    91
Block: Shield            |   103 |    38 ||   141
       Rpst.: Long sword |    17 |     6 ||    23
